[Event "*** SCC Grand Prix: Titled Tuesday Blitz"]
[Site "Chess.com"]
[Date "2020.09.29"]
[Round "3"]
[White "JonahWillow"]
[Black "FMJoseHerrera"]
[Result "0-1"]
[WhiteElo "2748"]
[BlackElo "2557"]
[TimeControl "180+1"]
[EndTime "10:27:49 PDT"]
[Termination "FMJoseHerrera won by resignation"]

1. e4 c5 2. Nf3 e6 3. d4 cxd4 4.
Nxd4 a6 5. Nc3 Qc7 6. g3 b6 7. Bg2 Bb7 8. O-O d6 9. Be3 Nd7 10. f4 Ngf6 11. Nb3 Be7 12. a4 h5 13. h3 g6 14. Qe2 Rc8 15. Rad1 Qb8 16. Bd4 O-O 17.
g4 Qa8 18. e5 Bxg2 19. Qxg2 Qxg2+ 20. Kxg2 Ne8 21. gxh5 gxh5 22. Kf3 Kh7 23. Rg1 dxe5 24. fxe5 Ng7 25. Ke4 Nf5 26. Bf2 Rc4+ 27. Nd4 Rd8 28. Ne2 Rxa4 29. b3 Ra5 30. Nxf5 Rxe5+ 31. Kd3 Rxf5 32.
Be3 Bf6 33. Nd4 Nc5+ 34. Ke2 Re5 35. Kf3 Rc8 36. b4 Na4 37. Rg2 Rc3 38. Re1 Nb2 39.
Kf2 Nc4 40. Bf4 Rxe1 41. Kxe1 Bxd4 42. Bb8 Ne3 43. Rg3 Nxc2+ 0-1

[Event "*** SCC Grand Prix: Titled Tuesday Blitz"]
[Site "Chess.com"]
[Date "2020.09.29"]
[Round "3"]
[White "eljanov"]
[Black "MPGM"]
[Result "1-0"]
[WhiteElo "2802"]
[BlackElo "2435"]
[TimeControl "180+1"]
[EndTime "10:27:49 PDT"]
[Termination "eljanov won on time"]

1. e4 c6 2. Nf3 d5 3. d3 dxe4 4. dxe4 Qxd1+ 5. Kxd1 Nd7 6. Nfd2 Ngf6 7. f3 h5 8. Nc4 h4 9. Be3 e5 10. Nbd2 Nh5 11.
c3 f6 12. b4 g5 13. Kc2 Nf4 14. a4 Be7 15. a5 Nf8 16. Nb3 g4 17. Rd1 gxf3 18.
gxf3 h3 19. Rg1 Be6 20. Nd6+ Bxd6 21. Rxd6 Ke7 22. Rd2 Kf7 23. Nc5 b6 24. Nxe6 N8xe6 25. Bc4 Rad8 26. axb6 Rxd2+ 27. Kxd2 axb6 28. Bxb6 Ke7 29.
Kc2 Ng5 30. Rg3 Nh5 31. Rg4 Nxf3 32. Be2 Ng5 33. Rh4 Nf4 34. Bc5+ Kf7 35. Rxh8 Nxe2 36. Be3 Nxe4 37. Rxh3 N2xc3 38. Kd3 f5 39. Rh6 Nd5 40.
Bc5 Nef6 41. h4 f4 42. Rh8 e4+ 43. Ke2 e3 44. Kf3 Nd7 45. Rh5 Kg6 46. Rg5+ Kf6 47.
Bd4+ Kf7 48. h5 Nxb4 49. h6 Nf8 50. h7 Nxh7 51. Rg7+ Ke6 52. Rxh7 Nd3 53. Rh5 1-0

[Event "*** SCC Grand Prix: Titled Tuesday Blitz"]
[Site "Chess.com"]
[Date "2020.09.29"]
[Round "3"]
[White "FloMaster111"]
[Black "VladaSviridova"]
[Result "1-0"]
[WhiteElo "2481"]
[BlackElo "2267"]
[TimeControl "180+1"]
[EndTime "10:27:49 PDT"]
[Termination "FloMaster111 won on time"]

1. e4 e6 2. d4 d5 3. Nd2 c5 4. Ngf3 cxd4 5. Nxd4 Nc6 6. Bb5 Bd7 7. Nxc6 bxc6 8.
Bd3 Bd6 9. c4 Ne7 10. cxd5 cxd5 11. O-O O-O 12. Re1 Ng6 13. Nf3 Bb4 14. Bd2 Bxd2 15.
Qxd2 Qb6 16. exd5 exd5 17. Rad1 Rab8 18. b3 Bg4 19. Be2 Rfd8 20. Nd4 Bxe2 21. Qxe2 h6 22. Qg4 Kh7 23. h4 Qf6 24. h5 Ne5 25. Qg3 Re8 26. Re3 Qg5 27. Rde1 Qxg3 28. Rxg3 Nd7 29. Rge3 Rxe3 30.
Rxe3 Nf6 31. Re7 Re8 32. Rxf7 Re1+ 33. Kh2 Kg8 34. Rxa7 Ng4+ 35. Kg3 Ne5 36. Nf5 Nd3 37.
Ne7+ Kh7 38. Ng6 1-0

[Event "*** SCC Grand Prix: Titled Tuesday Blitz"]
[Site "Chess.com"]
[Date "2020.09.29"]
[Round "3"]
[White "KingHarii"]
[Black "Gerodot71"]
[Result "1-0"]
[WhiteElo "2704"]
[BlackElo "2471"]
[TimeControl "180+1"]
[EndTime "10:27:50 PDT"]
[Termination "KingHarii won by resignation"]

1. Nf3 d5 2. g3 Nd7 3. d4 Nb6 4. Bg2 Nf6 5. O-O h6 6. b3 Bf5 7. Nbd2 e6 8. Ne5 Nbd7 9. Bb2 Be7 10. Re1 Bh7 11. c4 c6 12. f4 O-O 13. e3 a5 14. a4 Bb4 15. Rf1 Bxd2 16. Qxd2 Be4 17.
Bh3 Nxe5 18. fxe5 Nd7 19. Ba3 Re8 20. Bd6 Qb6 21. Qf2 Bg6 22. Ra3 Qa6 23. Rc1 Rac8 24. Qd2 b6 25. Bf1 Qb7 26. c5 bxc5 27. Bxc5 Ra8 28. b4 f6 29. bxa5 fxe5 30. Qb4 Qc8 31. Bd6 exd4 32. exd4 Nb8 33. Rb3 Nd7 34. Qb7 Qd8 35.
Qc7 Rxa5 36. Qxd8 Rxd8 37. Bc7 Rda8 38. Bxa5 Rxa5 39. Rb4 c5 40. dxc5 Nxc5 41. Rb5 Rxb5 42. axb5 Na4 43. Rc6 Be8 44. Rxe6 Bd7 45. Rd6 Be8 46.
b6 1-0

[Event "*** SCC Grand Prix: Titled Tuesday Blitz"]
[Site "Chess.com"]
[Date "2020.09.29"]
[Round "3"]
[White "elohunter1999"]
[Black "abfchess"]
[Result "1-0"]
[WhiteElo "2461"]
[BlackElo "2099"]
[TimeControl "180+1"]
[EndTime "10:27:50 PDT"]
[Termination "elohunter1999 won by resignation"]

1. e4 e6 2. d4 d5 3. Nc3 Nf6 4. e5 Nfd7 5. f4 c5 6. Nf3 Nc6 7. Be3 Qb6 8. Na4 Qa5+ 9. c3 cxd4 10. b4 Nxb4 11. cxb4 Bxb4+ 12. Bd2 b5 13. Nb2 Bc3 14. Nxd4 b4 15. Bxc3 bxc3 16. Nd3 Ba6 17. Be2 Rc8 18. O-O Qb6 19. Nf2 Bxe2 20. Nxe2 c2 21. Qd2 O-O 22. Rfc1 Nc5 23. Nd4 Ne4 24. Nxe4 dxe4 25. Qe3 Rfd8 26.
Rxc2 Rxc2 27. Nxc2 Qb2 28. Qb3 Rb8 29. Qxb2 Rxb2 30.
Ne3 g6 31. Rc1 Rxa2 32. Rc4 a5 33. Rxe4 a4 34. Ng4 a3 35. Nf6+ Kg7 36. Ra4 Ra1+ 37. Kf2 h5 38. h3 g5 39. fxg5 Kg6 40. h4 Kf5 41. Nxh5 Kxe5 42. Nf6 Kf5 43. g4+ Ke5 44.
h5 a2 45. Kg2 Kd6 46. h6 1-0

[Event "*** SCC Grand Prix: Titled Tuesday Blitz"]
[Site "Chess.com"]
[Date "2020.09.29"]
[Round "3"]
[White "kuban1991"]
[Black "bratkoo"]
[Result "1-0"]
[WhiteElo "2840"]
[BlackElo "2544"]
[TimeControl "180+1"]
[EndTime "10:27:51 PDT"]
[Termination "kuban1991 won by checkmate"]

1. Nf3 d5 2. g3 Nf6 3. Bg2 c5 4.
O-O Nc6 5. d4 e6 6. c4 dxc4 7.
Qa4 Bd7 8. dxc5 Bxc5 9. Qxc4 Bb6 10. Nc3 O-O 11. Rd1 Qe7 12. Bg5 Rfd8 13. Ne4 Rac8 14. Nxf6+ gxf6 15. Bh6 Nd4 16. Qd3 Bb5 17. Qe4 f5 18. Qb1 Nxe2+ 19. Kh1 Bxf2 20. Rxd8+ Rxd8 21. Qc2 Bb6 22. Re1 Bd3 23. Qb3 Qc7 24. Bg5 Rd7 25.
Bf6 Bf2 26. Ra1 Be4 27. Ne5 Rd5 28. Bxe4 fxe4 29. Ng4 Bxg3 30. hxg3 Nxg3+ 31. Kg2 Rd2+ 32. Kh3 Nf5 33. Be5 Qd8 34. Nf6+ Kf8 35. Qb4+ Qe7 36. Qxd2 e3 37. Qc3 Qd8 38. Rg1 Qd2 39. Rg8+ Ke7 40. Re8# 1-0

[Event "*** SCC Grand Prix: Titled Tuesday Blitz"]
[Site "Chess.com"]
[Date "2020.09.29"]
[Round "3"]
[White "Ural_bogatyr"]
[Black "CheckThis4"]
[Result "0-1"]
[WhiteElo "2387"]
[BlackElo "2604"]
[TimeControl "180+1"]
[EndTime "10:27:51 PDT"]
[Termination "CheckThis4 won by resignation"]

1. e4 c5 2. Nf3 d6 3. d4 cxd4 4. Qxd4 a6 5. Be3 Nc6 6. Qd2 Nf6 7. Nc3 Bg4 8. O-O-O e6 9. Be2 Be7 10. h3 Bh5 11. Nd4 Nxd4 12. Bxd4 Bxe2 13. Qxe2 Qa5 14. Kb1 O-O 15. g4 Rfc8 16. f4 b5 17. g5 Nd7 18. f5 b4 19. fxe6 fxe6 20. Qg4 Nf8 21. Ne2 Qxg5 22. Qf3 e5 23. Qb3+ Kh8 24. Be3 Qg2 25.
Qd3 Ne6 26. Rhg1 Qxh3 27. Rg3 Qh4 28. Rdg1 Rf8 29. Qd5 Nf4 30. Bxf4 exf4 31. Rxg7 f3 32. Nd4 f2 33. Rf1 Kxg7 34. e5 Rad8 35. Ne6+ Kh8 36. Nxd8 Rxd8 37. exd6 Rxd6 38. Qc5 Rd1+ 39. Rxd1 Bxc5 0-1

[Event "*** SCC Grand Prix: Titled Tuesday Blitz"]
[Site "Chess.com"]
[Date "2020.09.29"]
[Round "3"]
[White "ChessWarrior7197"]
[Black "ENajer77"]
[Result "1-0"]
[WhiteElo "2953"]
[BlackElo "2700"]
[TimeControl "180+1"]
[EndTime "10:27:52 PDT"]
[Termination "ChessWarrior7197 won on time"]

1. e4 c6 2. d4 d5 3. exd5 cxd5 4. Bd3 Nc6 5. c3 Nf6 6. Bf4 Bg4 7. Qb3 Qd7 8. Nd2 e6 9. Ngf3 Bd6 10. Bxd6 Qxd6 11.
O-O O-O 12. Rae1 Rab8 13. Ne5 Bh5 14. f4 b5 15. a3 Qc7 16. Re3 Ng4 17. Bxh7+ Kxh7 18. Rh3 Nf6 19. g4 Nxe5 20. fxe5 Nxg4 21. Rxh5+ Kg8 22.
Qc2 f5 23. exf6 Nxf6 24. Rh3 e5 25. dxe5 Qxe5 26. Qg6 d4 27. Nf3 Qe3+ 28. Kh1 Qe4 29. Qxe4 Nxe4 30. cxd4 b4 31. Rh4 Ng5 32. Kg2 bxa3 33.
bxa3 Rb2+ 34. Kg3 Nxf3 35. Rxf3 Rxf3+ 36. Kxf3 Rb3+ 37. Ke4 Rxa3 38. Rf4 a5 39. Ke5 a4 40. d5 Ra1 41. d6 Re1+ 42. Kd5 a3 43. d7 Rd1+ 44. Rd4 Rxd4+ 45. Kxd4 1-0

[Event "*** SCC Grand Prix: Titled Tuesday Blitz"]
[Site "Chess.com"]
[Date "2020.09.29"]
[Round "3"]
[White "GMKrikor"]
[Black "Barys1974"]
[Result "1-0"]
[WhiteElo "2802"]
[BlackElo "2617"]
[TimeControl "180+1"]
[EndTime "10:27:52 PDT"]
[Termination "GMKrikor won on time"]

1. e4 c5 2. Nf3 d6 3. d4 cxd4 4.
Nxd4 Nf6 5. Nc3 Nc6 6. Bg5 e6 7.
Qd2 Qb6 8. Bxf6 gxf6 9. Nb3 a6 10.
O-O-O Qc7 11. Kb1 b5 12. f4 h5 13. Be2 b4 14. Na4 Bd7 15. Nc1 Na5 16. b3 Bxa4 17. bxa4 Qb6 18. Nb3 Rc8 19. f5 Nc4 20.
Bxc4 Rxc4 21. Qd3 Rc8 22. fxe6 fxe6 23. Nd4 Rc3 24. Qf1 Ke7 25. Qf2 Qc5 26. Rhf1 Rh6 27.
Qe2 Qc4 28. Qd2 Rg6 29. g3 Bh6 30. Nf5+ exf5 31. Qxd6+ Kf7 32. Qd8 Bf8 33. exf5 Rh6 34. Rfe1 Kg8 35. Re8 Qc5 36. Rd6 1-0

[Event "*** SCC Grand Prix: Titled Tuesday Blitz"]
[Site "Chess.com"]
[Date "2020.09.29"]
[Round "3"]
[White "djogrodek1"]
[Black "Ladislav1969"]
[Result "1-0"]
[WhiteElo "2539"]
[BlackElo "2353"]
[TimeControl "180+1"]
[EndTime "10:27:52 PDT"]
[Termination "djogrodek1 won by resignation"]

1. e4 c5 2. Nf3 e6 3. d4 cxd4 4. Nxd4 a6 5. Nc3 b5 6. a3 Bb7 7.
g3 Nf6 8. Bg2 d6 9. O-O e5 10. Nf5 g6 11. Ne3 Nbd7 12. Ned5 Nxd5 13. Nxd5 Bg7 14. Be3 O-O 15. Qd2 Rc8 16. c3 Nc5 17. Rad1 f5 18. Bg5 Qd7 19. Ne7+ Kh8 20. Nxc8 Rxc8 21.
Qxd6 Qxd6 22. Rxd6 Bxe4 23. Rfd1 h6 24. Rd8+ Rxd8 25.
Rxd8+ Kh7 26. Be3 Bxg2 27. Kxg2 Na4 28. Bc1 e4 29. Rd6 Nc5 30. Be3 Nd3 31. Rd7 Kg8 32. Bd4 Bxd4 33. cxd4 Nxb2 34. Rd6 Nc4 35. Rxg6+ Kf7 36.
Rxa6 b4 37. axb4 Nd2 38. Rxh6 Nf3 39. b5 Nxd4 40. b6 Kg7 41. Rd6 Nb5 42. Rd7+ Kf6 43. b7 1-0

[Event "*** SCC Grand Prix: Titled Tuesday Blitz"]
[Site "Chess.com"]
[Date "2020.09.29"]
[Round "3"]
[White "Grineva_Marianna"]
[Black "IANOV0007"]
[Result "0-1"]
[WhiteElo "2256"]
[BlackElo "2487"]
[TimeControl "180+1"]
[EndTime "10:27:52 PDT"]
[Termination "IANOV0007 won by resignation"]

1. e4 d6 2. d4 Nf6 3. Nc3 c6 4. f4 Qb6 5. Nf3 Bg4 6. Be2 Bxf3 7. Bxf3 e5 8. Ne2 Nbd7 9. c3 Be7 10. O-O d5 11. fxe5 Nxe5 12. exd5 Nxf3+ 13. Rxf3 cxd5 14. Nf4 O-O 15. Qd3 Rad8 16. b3 Rfe8 17. Bd2 Bd6 18. Raf1 Qc7 19. h3 Rd7 20. Ne2 Ne4 21. Be1 a6 22. c4 Qc6 23. Nf4 Bxf4 24. Rxf4 b5 25. cxd5 Qxd5 26. a4 Nc5 27. Qg3 Nxb3 28. axb5 axb5 29.
Bc3 g6 30. Qf2 Qc4 31. Qf3 b4 32. Ba1 Nd2 33. Qg4 Qe6 34. Qxe6 Rxe6 35. Rd1 Nb3 36. Bb2 Rd5 37. Rf3 Na5 38. Rb1 Nc4 39. Kf2 Nd2 40. Ra1 Nxf3 41. Kxf3 Re8 42. Ra4 Rb5 43. Ra7 b3 44. Ra3 Rc8 45. d5 Rxd5 46.
Rxb3 Rcd8 47. Re3 Rd3 48. Be5 Rxe3+ 49. Kxe3 f5 50. Kf4 Kf7 51. g4 fxg4 52. hxg4 Ke6 53. Bc3 Rd3 54. Ba5 h6 55. Bc7 Rd4+ 56. Kf3 g5 57.
Bg3 Rd3+ 58. Kg2 Kd5 59. Bf2 Ke4 60. Bb6 Kf4 61. Ba5 Kxg4 62. Be1 Re3 63. Kf2 Rxe1 64. Kxe1 Kf3 0-1

[Event "*** SCC Grand Prix: Titled Tuesday Blitz"]
[Site "Chess.com"]
[Date "2020.09.29"]
[Round "3"]
[White "Violord"]
[Black "FairChess_on_YouTube"]
[Result "0-1"]
[WhiteElo "2690"]
[BlackElo "2942"]
[TimeControl "180+1"]
[EndTime "10:27:54 PDT"]
[Termination "FairChess_on_YouTube won on time"]

1. e4 c5 2. Nf3 e6 3. c3 Nf6 4. e5 Nd5 5. d4 cxd4 6. cxd4 b6 7.
Nc3 Bb7 8. Bd3 Na6 9. a3 Nxc3 10. bxc3 Nc7 11. O-O Be7 12. Re1 O-O 13. Qc2 Bxf3 14.
gxf3 g6 15. Kh1 Bg5 16. f4 Bh6 17. Rg1 Kh8 18. Qe2 Qh4 19. Rg4 Qh5 20. f3 f5 21.
exf6 Nd5 22. Rg5 Bxg5 23. fxg5 Nxc3 24. Qf2 Rac8 25. Bd2 Nd5 26. Rg1 Rc7 27. f4 Rfc8 28. Qg2 Kg8 29. f5 gxf5 30. Bxf5 Rc2 31. Bxc2 Rxc2 32.
Qf2 Kf7 33. a4 Qg6 34. Qg2 Qd3 35. g6+ hxg6 36. Qh3 Qxh3 0-1

[Event "*** SCC Grand Prix: Titled Tuesday Blitz"]
[Site "Chess.com"]
[Date "2020.09.29"]
[Round "3"]
[White "rynos0411"]
[Black "Harsha_Bharathakoti"]
[Result "0-1"]
[WhiteElo "2431"]
[BlackElo "2749"]
[TimeControl "180+1"]
[EndTime "10:27:54 PDT"]
[Termination "Harsha_Bharathakoti won by resignation"]

1. d4 d5 2. c4 e6 3. Nf3 c5 4. Nc3 Nc6 5. cxd5 exd5 6. g3 Nf6 7. Bg2 Be7 8. O-O O-O 9. Be3 c4 10. Ne5 Be6 11. f4 Nxe5 12. dxe5 Ng4 13. Bd4 f5 14.
exf6 Nxf6 15. Kh1 Kh8 16. Rc1 Rc8 17. h3 Qa5 18. f5 Bg8 19. g4 Bc5 20. g5 Nh5 21. f6 Ng3+ 22. Kg1 gxf6 23. Rxf6 Rxf6 24. gxf6 Qb6 25. Bxc5 Qxc5+ 26. Kh2 Qd6 27. Kg1 Qxf6 28. Nxd5 Bxd5 29. Bxd5 Re8 30. Rxc4 Nxe2+ 31. Kh2 Qe5+ 32.
Kh1 Ng3+ 33. Kg2 Nf5 34. Qf3 Ne3+ 35. Kg1 Nxd5 36. Rg4 Qe1+ 37. Kh2 Re2+ 38. Rg2 Rxg2+ 39. Kxg2 Ne3+ 40. Kh2 Qd2+ 41. Kg3 Qd6+ 42. Kf2 Nd5 43. b3 Qf6 0-1

[Event "*** SCC Grand Prix: Titled Tuesday Blitz"]
[Site "Chess.com"]
[Date "2020.09.29"]
[Round "3"]
[White "profofchess"]
[Black "GianmarcoVaR"]
[Result "1-0"]
[WhiteElo "2378"]
[BlackElo "2543"]
[TimeControl "180+1"]
[EndTime "10:27:54 PDT"]
[Termination "profofchess won by checkmate"]

1. e4 c5 2. Nf3 d6 3. c3 Nf6 4. Bc4 Nxe4 5. Qa4+ Nc6 6. Bxf7+ Kxf7 7. Qxe4 e5 8. d4 h6 9. dxe5 d5 10. Qd3 Be6 11.
Bf4 g5 12. Bg3 Bg7 13. Qe2 Re8 14. O-O Kg8 15. Nbd2 Ne7 16. h4 Nf5 17. hxg5 hxg5 18. Nh2 Nxg3 19. fxg3 Qd7 20. Rae1 g4 21. Rf4 Bh6 22.
Nxg4 Bxf4 23. Nf6+ Kg7 24. Nxd7 Bxg3 25. Rf1 Rh8 26.
Qe3 Bh2+ 27. Kf2 Raf8+ 28. Nxf8 Rxf8+ 29. Ke1 Rxf1+ 30. Nxf1 Kg6 31. Nxh2 Bf5 32. Nf3 Be4 33. e6 Kf6 34. Qh6+ Ke7 35. Ng5 Bf5 36. Qg7+ Kd6 37. Qf6 Be4 38. e7+ Kd7 39. Qf8 Bg6 40. Nf7 Bxf7 41.
Qxf7 d4 42. e8=Q+ Kd6 43. Qee6# 1-0

[Event "*** SCC Grand Prix: Titled Tuesday Blitz"]
[Site "Chess.com"]
[Date "2020.09.29"]
[Round "3"]
[White "Lion-Al-Messi"]
[Black "c_r_e_e_p_e_r"]
[Result "1-0"]
[WhiteElo "2528"]
[BlackElo "2341"]
[TimeControl "180+1"]
[EndTime "10:27:55 PDT"]
[Termination "Lion-Al-Messi won by checkmate"]

1. e4 c5 2. Nf3 e6 3. d4 cxd4 4.
Nxd4 a6 5. Bd3 Nf6 6. O-O g6 7. e5 Nd5 8. c4 Nb4 9. Be4 Bg7 10. Bf4 O-O 11. a3 N4c6 12. Nf3 Qb6 13. Qe2 d6 14.
exd6 Nd7 15. Nc3 Nc5 16. Be3 f5 17. Bb1 Qa5 18. b4 Nxb4 19. axb4 Qxa1 20. Bxc5 Qxc3 21.
h4 e5 22. Rd1 Be6 23. Ba2 Rfd8 24. Ng5 Bf7 25. Nxf7 Kxf7 26. Bb6 Rd7 27. c5+ Kf6 28. Rd3 Qxb4 29. Qe3 Qxh4 30. Rd1 Re8 31. Qb3 Qe4 32. Qc3 Qc6 33. Re1 Qa4 34. Bb3 Qf4 35. g3 Qg4 36. f4 h5 37. fxe5+ Kg5 38. Qe3+ f4 39.
Qxf4+ Qxf4 40. gxf4+ Kxf4 41. e6 Bd4+ 42. Kg2 Rxd6 43.
cxd6 Bxb6 44. e7 Bc5 45. d7 Rxe7 46. Rf1+ Kg5 47. d8=Q Kg4 48. Bd1+ Kh4 49. Qd5 g5 50. Rh1# 1-0

[Event "*** SCC Grand Prix: Titled Tuesday Blitz"]
[Site "Chess.com"]
[Date "2020.09.29"]
[Round "3"]
[White "ChronicUnhappiness"]
[Black "dianamirza"]
[Result "1-0"]
[WhiteElo "2311"]
[BlackElo "1939"]
[TimeControl "180+1"]
[EndTime "10:27:55 PDT"]
[Termination "ChronicUnhappiness won by resignation"]

1. d4 Nf6 2. c4 g6 3. Nc3 Bg7 4. e4 d6 5. Nf3 O-O 6. Be2 Nc6 7. d5 Na5 8. O-O c5 9. a3 b6 10.
Qc2 Nh5 11. b4 Nb7 12. Ne1 Nf6 13. Bb2 e6 14. dxe6 fxe6 15. Nd3 Qc7 16. Rad1 cxb4 17. Nxb4 Nc5 18. Nb5 Qe7 19. Nxd6 Bb7 20. Nxb7 Qxb7 21. f3 Rad8 22. Nd3 Nfd7 23. Nxc5 Nxc5 24. Bxg7 Kxg7 25. Rxd8 Rxd8 26. Rd1 Rxd1+ 27. Qxd1 Qd7 28. Qxd7+ Nxd7 29. Kf2 Kf6 30. f4 e5 31. g3 a5 32. Ke3 g5 33.
fxg5+ Kxg5 34. h4+ Kf6 35. g4 Nc5 36. g5+ Ke6 37.
Bg4+ Kf7 38. Bf5 Kg7 39. h5 h6 40. g6 Na4 41. Kd3 Nb2+ 42. Kc3 Nd1+ 43. Kb3 Nf2 44.
Ka4 Nh3 45. Bxh3 1-0

[Event "*** SCC Grand Prix: Titled Tuesday Blitz"]
[Site "Chess.com"]
[Date "2020.09.29"]
[Round "3"]
[White "JuliaEfremova"]
[Black "AlexOstrovskiy"]
[Result "0-1"]
[WhiteElo "2350"]
[BlackElo "2736"]
[TimeControl "180+1"]
[EndTime "10:27:56 PDT"]
[Termination "AlexOstrovskiy won by checkmate"]

1. d4 Nf6 2. Nf3 c5 3. c3 d5 4.
Bf4 Nc6 5. e3 Qb6 6. Na3 Nh5 7.
Bg3 Nxg3 8. hxg3 c4 9. b3 e5 10. Nb1 exd4 11. exd4 cxb3 12. axb3 Be7 13. Bd3 h6 14.
Nbd2 O-O 15. O-O Be6 16. Re1 Rfe8 17. Nf1 a5 18. Bc2 Bf8 19. Qd3 g6 20. Nh4 Qa6 21. Qf3 Ne7 22. Ne3 Rac8 23. Nf1 Bg7 24. Re3 Qb6 25.
Rae1 Bxd4 26. Rxe6 fxe6 27. Nxg6 Bxc3 28. Nxe7+ Rxe7 29. Qg4+ Rg7 30. Qxe6+ Qxe6 31. Rxe6 Bd4 32. Bf5 Rc1 33.
Re8+ Kf7 34. Rb8 Kf6 35. g4 Re7 36. g3 Ree1 37. Bd3 Re7 38. Kg2 Rc3 39. Bb5 Rxb3 40. Be8 Rb2 41. Rc8 Rxf2+ 42. Kh3 Rxf1 43. Kg2 Rf2+ 44.
Kh3 Ree2 45. Kh4 Rh2# 0-1

[Event "*** SCC Grand Prix: Titled Tuesday Blitz"]
[Site "Chess.com"]
[Date "2020.09.29"]
[Round "3"]
[White "almo64"]
[Black "norwaytoadog"]
[Result "1-0"]
[WhiteElo "2730"]
[BlackElo "2332"]
[TimeControl "180+1"]
[EndTime "10:27:56 PDT"]
[Termination "almo64 won on time"]

1. e4 e5 2. Nc3 Nf6 3. Bc4 Bb4 4. Nge2 c6 5. a3 Ba5 6. b4 Bb6 7. d4 exd4 8. Nxd4 d5 9. exd5 O-O 10. O-O cxd5 11. Be2 h6 12. Be3 Nc6 13. Qd2 Re8 14.
Rad1 Bg4 15. f3 Bh5 16. Bf2 Bc7 17. Bb5 Qd7 18. Na4 Rad8 19. Nc5 Qc8 20. Nxc6 bxc6 21.
Bxc6 Bxh2+ 22. Kxh2 Qxc6 23. Bd4 Nh7 24. g4 Bg6 25. f4 f6 26. Rfe1 Be4 27. Kg3 g5 28. c3 Qc7 29. Rf1 Rf8 30. Ne6 Qd6 31. Nxf8 f5 32.
Nxh7 Kxh7 33. Be5 Qg6 34. fxg5 hxg5 35. Rh1+ Kg8 36. Rh8+ Kf7 37. Rh5 f4+ 38. Bxf4 gxf4+ 39. Qxf4+ 1-0

[Event "*** SCC Grand Prix: Titled Tuesday Blitz"]
[Site "Chess.com"]
[Date "2020.09.29"]
[Round "3"]
[White "UCantHandleDenker"]
[Black "AniJak"]
[Result "1-0"]
[WhiteElo "2575"]
[BlackElo "2371"]
[TimeControl "180+1"]
[EndTime "10:27:57 PDT"]
[Termination "UCantHandleDenker won by resignation"]

1. Nf3 f5 2. g3 Nf6 3. Bg2 g6 4. O-O Bg7 5. c4 d6 6. Nc3 e5 7.
d3 O-O 8. Rb1 h6 9. b4 Kh7 10.
a4 g5 11. b5 Qe8 12. Nd2 f4 13. e3 Nbd7 14. exf4 exf4 15. Nde4 fxg3 16. hxg3 Nxe4 17. Nxe4 Nf6 18. Bb2 Qg6 19. Bxf6 Bxf6 20. Nxf6+ Qxf6 21. Qd2 Rb8 22. Rbe1 Bf5 23. Re3 Bg6 24. Rfe1 Rf7 25.
Bd5 Rg7 26. Re6 Qd4 27. Re7 c6 28. Rxg7+ Kxg7 29. bxc6 bxc6 30. Bxc6 Qxd3 31. Re7+ Kf8 32.
Qxd3 Bxd3 33. Rxa7 Bxc4 34. Rc7 Be2 35. Kg2 g4 36.
Bd5 Rb6 37. Rf7+ Ke8 38. Rf4 Kd7 39. Rf7+ Kd8 40. Rf8+ Ke7 41. Rf7+ Kd8 42. Rf6 Ra6 43. Rxh6 Rxa4 44. Rxd6+ Ke7 45. Re6+ Kd7 46. Rxe2 Rd4 47. Be6+ Kd6 48. Bf5 Rb4 49. Re4 1-0

[Event "*** SCC Grand Prix: Titled Tuesday Blitz"]
[Site "Chess.com"]
[Date "2020.09.29"]
[Round "3"]
[White "brunomorado"]
[Black "Borsuk_Konstantin"]
[Result "1-0"]
[WhiteElo "2390"]
[BlackElo "2562"]
[TimeControl "180+1"]
[EndTime "10:27:58 PDT"]
[Termination "brunomorado won on time"]

1. d4 Nf6 2. Nc3 d5 3. Bg5 Bf5 4. f3 h6 5. Bh4 e6 6. e4 dxe4 7.
fxe4 Bh7 8. Bd3 g5 9. Bg3 Nc6 10. Nge2 Nh5 11. d5 Nxg3 12. Nxg3 Ne5 13. Bb5+ Ke7 14. O-O Qd6 15. Qe2 c6 16. Ba4 Bg6 17. Rae1 Bg7 18. Nf5+ exf5 19. exf5 Bh7 20. Ne4 Qxd5 21.
f6+ Bxf6 22. Nxf6 Qd4+ 23. Kh1 Rad8 24. Qxe5+ Qxe5 25. Rxe5+ Kd6 26. Re2 Bg6 27. Bb3 Kc5 28. Ne4+ Kb6 29. Ng3 h5 30. Bxf7 Bxf7 31. Rxf7 h4 32. Nf1 Rd1 33. Ree7 a5 34. Rxb7+ Kc5 35. Rbe7 Rhd8 36. Re5+ Kb6 37. Rxg5 Rc1 38. c3 Rc2 39. Rgf5 Rxb2 40. g4 1-0

[Event "*** SCC Grand Prix: Titled Tuesday Blitz"]
[Site "Chess.com"]
[Date "2020.09.29"]
[Round "3"]
[White "dodorox"]
[Black "oganromchess"]
[Result "1/2-1/2"]
[WhiteElo "2029"]
[BlackElo "2450"]
[TimeControl "180+1"]
[EndTime "10:27:58 PDT"]
[Termination "Game drawn by repetition"]

1. d4 e6 2. c4 f5 3. g3 Nf6 4. Bg2 Be7 5. Nh3 O-O 6. O-O d6 7. e3 Qe8 8. Nc3 c6 9. b4 e5 10.
dxe5 dxe5 11. a3 Be6 12. Qe2 Qg6 13. Bb2 Qh6 14. f4 Ng4 15. Nd1 Nd7 16. Ndf2 Nxf2 17. Nxf2 e4 18. Rfd1 Nb6 19. Rac1 Rad8 20. Bf1 Bf6 21. Qc2 Kh8 22. Rxd8 Rxd8 23. Rd1 Rxd1 24. Nxd1 Bxb2 25. Qxb2 Qf6 26. Qxf6 gxf6 27. Nb2 c5 28.
Kf2 Nd7 29. Ke2 b6 30. Kd2 Kg7 31. Kc3 h5 32. Na4 h4 33. bxc5 Nxc5 34. Nxc5 bxc5 35. Be2 hxg3 36. hxg3 Bd7 37. Bd1 a5 38. a4 Kh6 39.
Kb2 Kg7 40. Kc3 Kf8 41. Kb2 Kg7 42. Kc3 1/2-1/2

[Event "*** SCC Grand Prix: Titled Tuesday Blitz"]
[Site "Chess.com"]
[Date "2020.09.29"]
[Round "3"]
[White "superchthonic"]
[Black "MarceloPlaya"]
[Result "1-0"]
[WhiteElo "2567"]
[BlackElo "2287"]
[TimeControl "180+1"]
[EndTime "10:27:58 PDT"]
[Termination "superchthonic won on time"]

1. g3 e6 2. Bg2 d5 3. Nf3 Nf6 4. O-O c5 5. c4 d4 6. e3 Nc6 7.
exd4 cxd4 8. a3 a5 9. Re1 Bd6 10. d3 O-O 11. Qc2 e5 12. c5 Bc7 13. Nbd2 Bf5 14. Nc4 Re8 15. Nh4 Bg4 16. h3 Be6 17.
Bd2 Bd5 18. b4 Bxg2 19. Kxg2 axb4 20. axb4 Rxa1 21. Rxa1 e4 22. dxe4 Nxe4 23. b5 Qd5 24. Nf3 Ne5 25. Ncxe5 Bxe5 26. Re1 d3 27. Qc1 Nxc5 28.
Qa3 f6 29. Re3 Rd8 30. Bb4 Ne6 31. h4 Nd4 32. Rxd3 Qe4 33. Qa2+ Kh8 34. Re3 Qg4 35.
Nxe5 fxe5 36. Qf7 Nf5 37. Rxe5 Nxh4+ 38. Kf1 Rd1+ 39. Be1 Qh3+ 40. Ke2 Qg4+ 41. f3 1-0

[Event "*** SCC Grand Prix: Titled Tuesday Blitz"]
[Site "Chess.com"]
[Date "2020.09.29"]
[Round "3"]
[White "Stouuf"]
[Black "Rakesh"]
[Result "1/2-1/2"]
[WhiteElo "2601"]
[BlackElo "2405"]
[TimeControl "180+1"]
[EndTime "10:27:59 PDT"]
[Termination "Game drawn by stalemate"]

1. e4 c5 2. Nf3 e6 3. d4 cxd4 4. Nxd4 a6 5. Nc3 Qc7 6. g3 Bb4 7. Ne2 Be7 8. Bg2 Nf6 9. O-O Qd6 10. Bf4 Qxd1 11. Rfxd1 Nc6 12. Bd6 Bxd6 13. Rxd6 Ke7 14.
Rad1 Ne8 15. R6d2 d6 16. Na4 Bd7 17. Nb6 Rd8 18. f4 f6 19. c4 e5 20. f5 g6 21.
g4 gxf5 22. exf5 Rg8 23. h3 h5 24. Nxd7 Rxd7 25. Bf3 hxg4 26. hxg4 Nc7 27. Kf2 Rh8 28.
Kg3 Rdd8 29. Nc3 Nd4 30. Bxb7 Rdg8 31. Rxd4 exd4 32. Rxd4 Rb8 33. Bf3 Rxb2 34. Ne4 Rb6 35.
g5 fxg5 36. Nxg5 Rg8 37. Kf4 Rb2 38. Ne4 Rxa2 39. Rxd6 Ne8 40. Re6+ Kd8 41. f6 Rf8 42. Ke5 Ra5+ 43. c5 Nxf6 44. Rxf6 Rxf6 45. Kxf6 Kc7 46. Ke5 Kc6 47. Nd6+ Kxc5 48. Nb7+ Kb6+ 49. Nxa5 Kxa5 50. Kd4 Kb4 51. Bd5 a5 52. Kd3 Ka3 53.
Kc2 a4 54. Kc3 1/2-1/2

[Event "*** SCC Grand Prix: Titled Tuesday Blitz"]
[Site "Chess.com"]
[Date "2020.09.29"]
[Round "3"]
[White "AndrewMaco"]
[Black "rasmussvane"]
[Result "0-1"]
[WhiteElo "2663"]
[BlackElo "2896"]
[TimeControl "180+1"]
[EndTime "10:28:04 PDT"]
[Termination "rasmussvane won by resignation"]

1. e4 c6 2. d4 d5 3. e5 Bf5 4.
Nf3 e6 5. Be2 Ne7 6. c3 Nd7 7.
O-O Ng6 8. Be3 f6 9. Nbd2 fxe5 10. dxe5 c5 11. Qa4 a6 12. Qb3 Qc7 13. Rae1 Be7 14. h3 Ngxe5 15. Nxe5 Nxe5 16. g4 Bg6 17. Qa4+ Qd7 18. Qa5 Rc8 19. f4 Nd3 20. f5 Nxe1 21. fxg6 Nc2 22. Bf4 hxg6 23. Bd3 Qc6 24. Bxg6+ Kd7 25.
Bxc2 Rxh3 26. Nf3 Bd6 27. Ne5+ Bxe5 28. Bxe5 Ke7 29. Kg2 Rch8 30. Bf4 d4+ 31. Kf2 Rf3+ 32. Ke1 Rxf1+ 33. Kxf1 Qf3+ 34. Ke1 Rh1+ 35. Kd2 Qxf4+ 36. Kd3 Qe3+ 37. Kc4 b5+ 38. Kxc5 d3+ 39. Kc6 dxc2 40. Qc7+ Kf6 41. Qd8+ Ke5 42. Qc7+ Ke4 43. Qd6 c1=Q 44. Qxe6+ Kd3 45. Qg6+ Qe4+ 46. Qxe4+ Kxe4 0-1